AoeStats
← MazQ

Arabia

509917534Analyzed
2v2 RM · 3d ago on Sep 28, 2026· 50m 34s· 4 players
Game mode
Random Map
Map size
Medium (4 player)
Population
200
Speed
Normal
Resources
Standard
Victory
Conquest
Starting age
Dark Age
Ending age
Imperial Age
RankedLock teamsTeams togetherTeam positionsShared explorationLock speedFull tech treeHidden civsTurbo modeCheats
Victory
Defeat
🇹🇷 Magyars · Türkiye
989
+15
🇹🇷 Byzantines · Türkiye
988
+15
🇹🇷 Byzantines · Türkiye
1010
-16
🇹🇷 Japanese · Türkiye
936
-14
isanar3
1:19 Loom
13:21 Feudal Age
13:31 Man-at-Arms
24:38 Castle Age
24:09 Fletching
24:20 Padded Archer Armor
26:56 Gold Mining
29:04 Pikeman
36:18 Imperial Age
35:02 Double-Bit Axe
41:00 Stone Mining
40:55 Horse Collar
42:12 Elite Skirmisher
44:55 Squires
matrak_1991
6:37 Loom
9:40 Feudal Age
13:49 Double-Bit Axe
21:20 Castle Age
19:54 Stone Mining
21:46 Fletching
21:59 Scale Mail Armor
28:57 Gold Mining
29:35 Horse Collar
35:15 Wheelbarrow
37:12 Imperial Age
37:31 Squires
36:51 Pikeman
39:03 Halberdier
41:17 Forging
41:09 Padded Archer Armor
43:53 Bodkin Arrow
44:14 Leather Archer Armor
44:58 Elite Skirmisher
47:08 Chemistry
46:33 Hand Cart
48:46 Light Cavalry
49:26 Husbandry
MazQ
6:15 Loom
10:27 Feudal Age
14:51 Double-Bit Axe
23:29 Castle Age
21:45 Bloodlines
23:43 Scale Barding Armor
23:37 Fletching
26:24 Padded Archer Armor
29:52 Corvinian Army
46:33 Gold Mining
46:27 Horse Collar
48:20 Scale Barding Armor
49:54 Ballistics
✪CheckMate
6:59 Loom
9:15 Feudal Age
9:45 Double-Bit Axe
21:08 Castle Age
21:15 Crossbowman
24:43 Fletching
25:43 Bow Saw
26:02 Bodkin Arrow
31:31 Imperial Age
29:44 Scale Barding Armor
30:40 Wheelbarrow
30:18 Husbandry
32:01 Chain Barding Armor
33:02 Cavalier
34:05 Light Cavalry
36:03 Forging
40:22 Iron Casting
44:13 Ballistics
43:49 Horse Collar
44:05 Paladin
45:20 Elite Skirmisher
48:45 Thumb Ring
Connection lost

Rejoining the realm…

Still unreachable

The connection could not be restored.

Session expired

The server has moved on; the page needs a fresh start.